 Dungeon Crawl Stone Soup version 0.19.1-1-g22dce08 (webtiles) character file.

721 Gargoyl the Skirmisher (level 7, -2/60 HPs)
             Began as a Ghoul Abyssal Knight on Jan 16, 2017.
             Was a Believer of Lugonu.
             Slain by a sky beast (6 damage)
             ... on level 5 of the Dungeon.
             The game lasted 00:10:27 (3503 turns).

Gargoyl the Skirmisher (Ghoul Abyssal Knight)       Turns: 3503, Time: 00:10:28

Health: -2/60      AC: 12    Str: 16    XL:     7   Next: 70%
Magic:  9/9        EV:  6    Int: 12    God:    Lugonu [**....]
Gold:   210        SH:  5    Dex: 10    Spells: 0 memorised, 6 levels left

rFire  . . .     SeeInvis .     o - +1 whip (elec)
rCold  + + .     Gourm    .     z - +0 chain mail
rNeg   + + +     Faith    .     w - +2 buckler
rPois  ∞         Spirit   .     (no helmet)
rElec  .         Reflect  .     C - +0 cloak
rCorr  .         Harm     .     q - +0 pair of gloves
MR     .....                    (no boots)
Stlth  ..........               (no amulet)
                                y - +5 ring of intelligence
                                e - ring of protection from cold

@: rotting
A: rotting body, claws 1, carnivore 3, cold resistance 1, negative energy
resistance 3, slow regeneration 1, torment resistance, unbreathing
a: Depart the Abyss, Bend Space, Renounce Religion


You were on level 5 of the Dungeon.
You worshipped Lugonu.
Lugonu was pleased with you.
You were not hungry.

You visited 1 branch of the dungeon, and saw 5 of its levels.
You visited the Abyss 1 time.

You collected 210 gold pieces.

Inventory:

Hand Weapons
 a - a +1 hand axe
 k - a +0 spear
 o - a +1 whip of electrocution (weapon)
Missiles
 j - 2 javelins (quivered)
Armour
 q - a +0 pair of gloves (worn)
 w - a +2 buckler (worn)
 z - a +0 chain mail (worn)
 C - a +0 cloak (worn)
Jewellery
 e - a ring of protection from cold (left hand)
 y - a +5 ring of intelligence (right hand)
Wands
 d - a wand of flame (31/48)
 i - a wand of flame (16/48)
 u - a wand of random effects (33/48)
 E - a wand of random effects (16/48)
Scrolls
 f - 5 scrolls of identify
 g - a scroll of enchant armour {unknown}
 h - a scroll of random uselessness {unknown}
 l - 3 scrolls of remove curse {unknown}
 p - a scroll of magic mapping {unknown}
 r - 3 scrolls of teleportation {unknown}
 s - a scroll of amnesia {unknown}
 t - 2 scrolls of fear {unknown}
 x - 2 scrolls of noise {unknown}
Potions
 b - 2 potions of heal wounds {unknown}
 n - 3 potions of flight {unknown}
 v - 2 potions of curing {unknown}
 B - a potion of invisibility {unknown}
 D - a potion of agility
 F - a potion of might {unknown}
Comestibles
 c - 4 meat rations
 m - a royal jelly
 A - 2 chunks of flesh


   Skills:
 + Level 4.4 Fighting
 + Level 2.1(3.1) Axes
 + Level 3.1(3.5) Maces & Flails
 + Level 0.8(1.5) Polearms
 + Level 0.1 Throwing
 * Level 4.4 Armour
 + Level 2.0 Dodging
 + Level 0.5 Shields
 * Level 4.1 Invocations
 + Level 1.3 Evocations


You had 6 spell levels left.
You didn't know any spells.

Dungeon Overview and Level Annotations

Branches:
Dungeon (5/15)             Temple (0/1) D:5

Altars:
Gozag


Innate Abilities, Weirdness & Mutations

Your body is rotting away.
You thrive on raw meat.
You are immune to poison.
You have sharp fingernails.
You are carnivorous and can eat meat at any time.
Your flesh is cold resistant. (rC+)
You are immune to negative energy. (rN+++)
You regenerate slowly when monsters are visible.
You are immune to unholy pain and torment.
You can survive without breathing.


Message History

The sky beast is severely wounded.
The sky beast hits you but does no damage.
The sky beast flickers out of sight!
Deactivating autopickup; reactivate with Ctrl-A.
Something hits you but does no damage.
You whack something!
The sky beast hits you but does no damage.
Something hits you. Something shocks you.
* * * LOW HITPOINT WARNING * * *
Unknown command.
Eat one of 2 chunks of flesh? (ye/n/q)
You start eating one of the 2 chunks of flesh.
The sky beast hits you.
* * * LOW HITPOINT WARNING * * *
The sky beast shocks you.
* * * LOW HITPOINT WARNING * * *
Something hits you.
* * * LOW HITPOINT WARNING * * *
Something shocks you.
You die...

..## ..>.# .........)..
## ...........# ....
...........#
>..>######....## ....##
#..#..{....... #....##
#...@Y.(..... #......
###............##......
..)..#..(.......##..<#
#.(.#...(.......###.##
................# #.#
................# #.#
..##............# #.#
...............# #.#
#####..........# #.#


You could see a sky beast.

Vanquished Creatures
  An ice beast (D:5)
  A phantom (D:4)
  A centaur (D:5)
  A bullfrog (D:4)
  A scorpion (D:4)
  2 crimson imps
  An orc priest (D:4)
  An orc wizard (D:4)
  A worker ant (D:4)
  A howler monkey skeleton (D:4)
  10 adders
  4 worms
  2 dart slugs (D:2)
  6 leopard geckos
  6 orcs (D:4)
  9 bats
  A giant cockroach (D:5)
  5 hobgoblins
  9 jackals
  2 quokkas
  4 ball pythons
  5 frilled lizards
  5 goblins
  7 kobolds
  3 rats
89 creatures vanquished.

Notes
Turn   | Place    | Note
-------+----------+-------------------------------------------
     0 | Abyss:1  | Gargoyl the Ghoul Abyssal Knight began the quest for the Orb.
     0 | Abyss:1  | Reached XP level 1. HP: 19/19 MP: 1/1
   184 | Abyss:1  | Noticed a chaos spawn
   203 | D:1      | Escaped the Abyss
   517 | D:1      | Reached skill level 1 in Dodging
   600 | D:1      | Reached XP level 2. HP: 26/26 MP: 2/2
   762 | D:1      | Reached * piety under Lugonu
  1114 | D:2      | Reached XP level 3. HP: 23/33 MP: 3/3
  1607 | D:2      | Reached XP level 4. HP: 39/40 MP: 4/4
  1855 | D:3      | Reached skill level 1 in Maces & Flails
  1999 | D:3      | Reached ** piety under Lugonu
  2120 | D:3      | Reached XP level 5. HP: 46/46 MP: 6/6
  2348 | D:3      | Found an opulent altar of Gozag.
  2616 | D:4      | Noticed a phantom
  2669 | D:4      | Killed a phantom
  2669 | D:4      | Reached XP level 6. HP: 26/52 MP: 7/7
  3143 | D:4      | Reached XP level 7. HP: 59/59 MP: 8/8
  3368 | D:5      | Entered Level 5 of the Dungeon
  3434 | D:5      | Reached skill level 1 in Evocations
  3481 | D:5      | Found a staircase to the Ecumenical Temple.
  3503 | D:5      | Slain by a sky beast

Skill      XL: |  1  2  3  4  5  6  7 |
---------------+----------------------+-----
Dodging        | 1 2 |  2.0
Armour         | 2 3 4 |  4.4
Axes           | 2 |  2.1
Maces & Flails | 1 2 3 |  3.1
Fighting       | 4 |  4.4
Invocations    | 3 4 |  4.1
Evocations     | 1 |  1.3
Polearms       | |  0.8
Throwing       | |  0.1
Shields        | |  0.5

Action                   |  1- 3 |  4- 6 |  7- 9 || total
-------------------------+-------+-------+-------++-------
Melee: Hand axe          |    16 |       |       ||    16
       Spear             |    62 |       |       ||    62
       Whip              |    54 |   217 |    74 ||   345
Throw: Javelin           |     2 |       |       ||     2
Invok: Depart the Abyss  |     1 |       |       ||     1
Evoke: Wand              |       |     7 |    16 ||    23
  Use: Potion            |     2 |       |       ||     2
       Scroll            |       |     2 |       ||     2
  Eat: Chunk             |    20 |    14 |     5 ||    39
Armor: Ring mail         |    44 |    94 |       ||   138
       Chain mail        |       |     7 |    48 ||    55
Dodge: Dodged            |    63 |   109 |    23 ||   195
Block: Buckler           |       |    11 |    12 ||    23
